Match 47268756
Unlisted

Match 47268756
End
Selects Italian Combined Arms Battlegroup
Selects Bersaglieri Squad
Selects Bersaglieri Squad
Bersaglieri Squad
250 Light Carrier
Bersaglieri Squad
Construct Light Support Kompanie
Combat Half-tracks
Selects Bersaglieri Bolster
Bersaglieri Squad
2.5-tonne Medical Truck
Panzerjäger Mechanized Group
Bersaglieri Squad
Construct Mechanized Kompanie
Selects Breda Model 30 Light Machine Guns
Jason_Beebe
波菜
Trem
Nuts
SandiPon
Pepe87
Some_Devil
Tanith's Finest
0
0

Comments sign in to comment!

No comments posted yet!